 Dungeon Crawl Stone Soup version 0.23.2 (webtiles) character file.

Game seed: 15107518252511370457

987 Fang the Skirmisher (level 8, -4/51 HPs)
             Began as a Gargoyle Berserker on Apr 4, 2019.
             Was a Priest of Trog.
             Slain by a worker ant (5 damage)
             ... on level 8 of the Dungeon.
             The game lasted 00:05:29 (5602 turns).

Fang the Skirmisher (Gargoyle Berserker)            Turns: 5602, Time: 00:05:29

Health: -4/51      AC:  3    Str: 24    XL:     8   Next: 18%
Magic:  8/8        EV:  9    Int:  7    God:    Trog [***...]
Gold:   182        SH:  0    Dex:  9    Spells: 7/7 levels left

rFire    . . .     SeeInvis .   a - +4 hand axe
rCold    . . .     Gourm    .   (no shield)
rNeg     + . .     Faith    .   b - +0 chain mail
rPois    ∞         Spirit   .   (no helmet)
rElec    +         Reflect  .   (no cloak)
rCorr    .         Harm     .   (no gloves)
MR       .....                  (no boots)
Stlth    ..........             (no amulet)
HPRegen  0.17/turn              (no ring)
MPRegen  0.11/turn              (no ring)

@: corroded
A: negative energy resistance 1, electricity resistance, unbreathing,
petrification resistance, rot immunity, AC +5
a: Berserk, Trog's Hand, Renounce Religion


You were on level 8 of the Dungeon.
You worshipped Trog.
Trog was most pleased with you.
You were not hungry.

You visited 2 branches of the dungeon, and saw 8 of its levels.

You collected 182 gold pieces.

Inventory:

Hand Weapons
 a - a +4 hand axe (weapon)
Armour
 b - a +0 chain mail (worn)
Jewellery
 q - a +6 ring of slaying {unknown}
Wands
 u - a wand of iceblast (7)
Scrolls
 d - a scroll of magic mapping {unknown}
 f - 2 scrolls of blinking {unknown}
 h - a scroll of immolation {unknown}
 k - 2 scrolls of enchant armour {unknown}
 l - 6 scrolls of teleportation {unknown}
 m - 6 scrolls of identify {unknown}
 p - 5 scrolls of fear {unknown}
 t - 3 scrolls of remove curse {unknown}
 w - 3 scrolls of amnesia {unknown}
 x - a scroll of fog {unknown}
Potions
 e - 3 potions of curing {unknown}
 g - 2 potions of agility {unknown}
 i - a potion of invisibility {unknown}
 j - a potion of ambrosia {unknown}
 n - a potion of lignification {unknown}
 o - 2 potions of might {unknown}
 r - a potion of haste {unknown}
 s - 2 potions of heal wounds {unknown}
 z - a potion of flight {unknown}
Comestibles
 c - 11 rations
 v - 3 chunks of flesh


   Skills:
 + Level 6.0 Fighting
 + Level 4.9 Axes
 + Level 5.4 Armour
 + Level 4.0 Dodging


You had 7 spell levels left.
You didn't know any spells.
Your spell library was empty.

Dungeon Overview and Level Annotations

Branches:
Dungeon (6/15)             Temple (1/1) D:5

Altars:
Elyvilon
Wu Jian


Innate Abilities, Weirdness & Mutations

You are resistant to torment.
Your stone body is resilient. (AC +5)
You are immune to poison.
You resist negative energy. (rN+)
You are resistant to electric shocks. (rElec)
You can survive without breathing.
You are immune to petrification.
You are immune to rotting.


Message History

The centaur barely misses you. The worker ant bites you.
* * * LOW HITPOINT WARNING * * *
The centaur hits you.
* * * LOW HITPOINT WARNING * * *
You slash the centaur!
The centaur is moderately wounded.
You hit the worker ant but do no damage.
The centaur barely misses you.
The worker ant bites you but does no damage.
You hit the centaur but do no damage.
The centaur is moderately wounded.
You hit the worker ant but do no damage.
The centaur hits you but does no damage.
The worker ant bites you.
* * * LOW HITPOINT WARNING * * *
The centaur barely misses you.
You hit the centaur.
The centaur is heavily wounded.
You closely miss the worker ant. The worker ant bites you.
You die...

### ..#
#.# #.##
#@.#
#ca.....#
#..####.#
#..# #..?
#...#
.....
....$.


You could see a centaur and a worker ant.

Vanquished Creatures
  A hippogriff (D:5)
  A phantom (D:6)
  A bullfrog (D:6)
  A scorpion (D:5)
  A crimson imp (D:5)
  4 orc priests
  A jelly (D:6)
  4 orc wizards
  Jessica (D:2)
  3 iguanas
  A worker ant (D:5)
  6 adders
  2 oozes
  4 worms
  2 dart slugs
  4 leopard geckos
  11 orcs
  2 giant cockroaches (D:2)
  6 goblins
  6 hobgoblins
  15 jackals
  A quokka (D:3)
  A ball python (D:2)
  6 bats
  4 frilled lizards
  A giant cockroach zombie (D:6)
  8 kobolds
  7 rats
105 creatures vanquished.

Notes
Turn   | Place    | Note
-------+----------+-------------------------------------------
     0 | D:1      | Fang the Gargoyle Berserker began the quest for the Orb.
     0 | D:1      | Reached XP level 1. HP: 14/14 MP: 1/1
   115 | D:1      | Reached XP level 2. HP: 19/19 MP: 2/2
  1147 | D:2      | Reached XP level 3. HP: 23/23 MP: 3/3
  1202 | D:2      | Reached ** piety under Trog
  1279 | D:2      | Noticed Jessica
  1288 | D:2      | Killed Jessica
  1288 | D:2      | Reached XP level 4. HP: 18/29 MP: 4/4
  1514 | D:2      | Reached skill level 4 in Fighting
  1990 | D:3      | Reached XP level 5. HP: 33/33 MP: 5/5
  2409 | D:3      | Reached *** piety under Trog
  2661 | D:3      | Received a gift from Trog
  2971 | D:4      | Reached XP level 6. HP: 39/39 MP: 6/6
  3112 | D:4      | HP: 2/58 [orc priest/divine providence (13)]
  3681 | D:5      | Entered Level 5 of the Dungeon
  3704 | D:5      | Found a staircase to the Ecumenical Temple.
  3797 | Temple   | Entered the Ecumenical Temple
  3873 | D:5      | HP: 1/40 [iguana (8)]
  4271 | D:5      | Noticed a hippogriff
  4286 | D:5      | Killed a hippogriff
  4286 | D:5      | Reached skill level 5 in Fighting
  4286 | D:5      | Reached XP level 7. HP: 23/44 MP: 7/7
  4819 | D:5      | Reached skill level 5 in Armour
  5301 | D:6      | Reached XP level 8. HP: 43/51 MP: 8/8
  5492 | D:6      | Reached skill level 6 in Fighting
  5587 | D:6      | You fall through a shaft for 2 floors!
  5601 | D:8      | HP: 1/51 [worker ant (4)]
  5602 | D:8      | Slain by a worker ant

Skill      XL: |  1  2  3  4  5  6  7  8 |
---------------+-------------------------+-----
Dodging        | 2 3 4 |  4.0
Axes           | 3 4 |  4.9
Armour         | 3 4 5 |  5.4
Fighting       | 4 5 6 |  6.0

Action                   |  1- 3 |  4- 6 |  7- 9 || total
-------------------------+-------+-------+-------++-------
Melee: Hand axe          |   101 |   218 |   142 ||   461
Invok: Berserk           |       |     3 |     1 ||     4
  Eat: Chunk             |     1 |     9 |     6 ||    16
       Ration            |       |     1 |       ||     1
Armor: Animal skin       |    18 |       |       ||    18
       Chain mail        |    60 |   173 |    68 ||   301
Dodge: Dodged            |    62 |   113 |    62 ||   237
